TOP OF THE 1ST |
Albuquerque Isotopes batting - Pitching for Iowa Cubs : LHP Neal Brody
|
Pitching: LHP Neal Brody
|
|
Batting: LHB Alfredo de la Cruz
|
0-0: Called Strike 0-1: Fly out, F4 (Popup, 23, EV 86.2 MPH)
|
Batting: LHB Gabe Harvey
|
0-0: Ball 1-0: Fly out, F7 (Flyball, 78S, EV 85.0 MPH)
|
Batting: RHB Joe LaDue
|
0-0: Called Strike 0-1: Ball 1-1: Ball 2-1: Swinging Strike 2-2: Foul Ball, location: 2F 2-2: Strikes out swinging
|
Top of the 1st over - 0 runs, 0 hits, 0 errors, 0 left on base; Albuquerque 0 - Iowa 0 |
BOTTOM OF THE 1ST |
Iowa Cubs batting - Pitching for Albuquerque Isotopes : RHP Rafael Gonzales
|
Pitching: RHP Rafael Gonzales
|
|
Batting: SHB Seung-ho Zhang
|
0-0: Ball 1-0: Ball 2-0: Called Strike 2-1: Foul Ball, location: 2F 2-2: Ball 3-2: Ground out 6-3 (Groundball, 4M, EV 92.5 MPH)
|
Batting: RHB Jose Balderrama
|
0-0: Swinging Strike 0-1: Called Strike 0-2: Fly out, F7 (Flyball, 7LD, EV 93.8 MPH)
|
Batting: RHB Francisco Ramirez
|
0-0: Foul Ball, location: 2F 0-1: SINGLE (Groundball, 6D, EV 100.6 MPH)
|
Batting: RHB Lupe Covarrubias
|
0-0: Ball 1-0: Ball 2-0: Ball 3-0: Base on Balls Francisco Ramirez to second
|
Batting: LHB Mark Ingram
|
0-0: Swinging Strike 0-1: DOUBLE (Line Drive, 9LM, EV 93.8 MPH) Francisco Ramirez scores Lupe Covarrubias to third Runner from 3rd tries for Home, throw by RF and OUT! 9-4-2
|
Bottom of the 1st over - 1 run, 2 hits, 0 errors, 1 left on base; Albuquerque 0 - Iowa 1 |
TOP OF THE 2ND |
Albuquerque Isotopes batting - Pitching for Iowa Cubs : LHP Neal Brody
|
Batting: RHB Mike Ball
|
0-0: Called Strike 0-1: Ball 1-1: Ball 2-1: Foul Ball, location: 2F 2-2: Foul Ball, location: 2F 2-2: Ground out 1-3 (Groundball, P, EV 67.5 MPH)
|
Batting: RHB Bobby Heagle
|
0-0: Foul Ball, location: 2F 0-1: Ball 1-1: Called Strike 1-2: Ball 2-2: Ball 3-2: Foul Ball, location: 2F 3-2: Base on Balls
|
Batting: LHB Pablo Cardona
|
0-0: Foul Ball, location: 2F 0-1: Ball 1-1: Ball 2-1: Ball Bobby Heagle steals 2nd base 3-1: Foul Ball, location: 2F 3-2: Foul Ball, location: 2F 3-2: Base on Balls
|
Batting: SHB Josh Schultze
|
0-0: Ball 1-0: Foul Ball, location: 2F 1-1: Ball 2-1: Ball 3-1: Base on Balls Bobby Heagle to third Pablo Cardona to second
|
Batting: RHB Nick Cummings
|
0-0: Ball 1-0: Ball 2-0: Ball 3-0: Base on Balls Bobby Heagle scores Pablo Cardona to third Josh Schultze to second
|
Batting: RHB Logan Morgan
|
0-0: Called Strike 0-1: Called Strike 0-2: Ball 1-2: Fly out, F9 (Flyball, 9LM, EV 84.4 MPH)
|
Batting: LHB Alfredo de la Cruz
|
0-0: Called Strike 0-1: Ball 1-1: Called Strike 1-2: Strikes out swinging
|
Top of the 2nd over - 1 run, 0 hits, 0 errors, 3 left on base; Albuquerque 1 - Iowa 1 |
BOTTOM OF THE 2ND |
Iowa Cubs batting - Pitching for Albuquerque Isotopes : RHP Rafael Gonzales
|
Batting: LHB Angel Oropeza
|
0-0: Ball 1-0: Ball 2-0: Ground out 2-3 (Groundball, 2L, EV 61.9 MPH)
|
Batting: RHB Sam Sours
|
0-0: Foul Ball, location: 2F 0-1: Foul Ball, location: 2F 0-2: Ball 1-2: Ball 2-2: Ball 3-2: Strikes out looking
|
Batting: RHB Rich Thurman
|
0-0: Ball 1-0: Ball 2-0: Fly out, F1 (Popup, 13, EV 70.0 MPH)
|
Bottom of the 2nd over - 0 runs, 0 hits, 0 errors, 0 left on base; Albuquerque 1 - Iowa 1 |
TOP OF THE 3RD |
Albuquerque Isotopes batting - Pitching for Iowa Cubs : LHP Neal Brody
|
Batting: LHB Gabe Harvey
|
0-0: Foul Ball, location: 2F 0-1: Swinging Strike 0-2: Ball 1-2: Strikes out looking
|
Batting: RHB Joe LaDue
|
0-0: Foul Ball, location: 2F 0-1: Ball 1-1: Foul Ball, location: 2F 1-2: SINGLE (Groundball, 4D, EV 98.8 MPH)
|
Batting: RHB Mike Ball
|
0-0: Ball 1-0: Fielders Choice at 2nd, 5-4 (Groundball, 5, EV 80.0 MPH)
|
Batting: RHB Bobby Heagle
|
0-0: Called Strike 0-1: Ball Mike Ball steals 2nd base 1-1: Called Strike 1-2: Ball 2-2: Ball 3-2: DOUBLE (Popup, 34D, EV 67.5 MPH) Mike Ball scores
|
Batting: LHB Pablo Cardona
|
0-0: Called Strike 0-1: Ball 1-1: DOUBLE (Line Drive, 7LD, EV 100.0 MPH) Bobby Heagle scores
|
Batting: SHB Josh Schultze
|
0-0: Called Strike 0-1: Ground out 4-3 (Groundball, 4, EV 85.0 MPH)
|
Top of the 3rd over - 2 runs, 3 hits, 0 errors, 1 left on base; Albuquerque 3 - Iowa 1 |
BOTTOM OF THE 3RD |
Iowa Cubs batting - Pitching for Albuquerque Isotopes : RHP Rafael Gonzales
|
Batting: RHB Adam Kelliher
|
0-0: Called Strike 0-1: Ball 1-1: Called Strike 1-2: Ball 2-2: Strikes out swinging
|
Batting: SHB Seung-ho Zhang
|
0-0: Ball 1-0: Ball 2-0: Ball 3-0: Base on Balls
|
Batting: RHB Jose Balderrama
|
0-0: Called Strike 0-1: Ball Seung-ho Zhang steals 2nd base 1-1: Ground out 6-3 (Groundball, 6, EV 106.9 MPH)
|
Batting: RHB Francisco Ramirez
|
0-0: SINGLE (Groundball, 6MD, EV 108.8 MPH) Seung-ho Zhang to third Runner from 3rd tries for Home, SAFE, throw by CF to home
|
Batting: RHB Lupe Covarrubias
|
0-0: Ball 1-0: Swinging Strike 1-1: Ball 2-1: Called Strike 2-2: Ball 3-2: Strikes out looking
|
Bottom of the 3rd over - 1 run, 1 hit, 0 errors, 1 left on base; Albuquerque 3 - Iowa 2 |
TOP OF THE 4TH |
Albuquerque Isotopes batting - Pitching for Iowa Cubs : LHP Neal Brody
|
Batting: RHB Nick Cummings
|
0-0: Ball 1-0: Hit by Pitch
|
Batting: RHB Logan Morgan
|
0-0: Called Strike 0-1: Foul Ball, location: 2F 0-2: Ball Nick Cummings is caught stealing 2nd base 2-4 1-2: Ball 2-2: Strikes out swinging
|
Batting: LHB Alfredo de la Cruz
|
0-0: Foul Ball, location: 2F 0-1: Swinging Strike 0-2: Strikes out swinging
|
Top of the 4th over - 0 runs, 0 hits, 0 errors, 0 left on base; Albuquerque 3 - Iowa 2 |
BOTTOM OF THE 4TH |
Iowa Cubs batting - Pitching for Albuquerque Isotopes : RHP Rafael Gonzales
|
Batting: LHB Mark Ingram
|
0-0: Called Strike 0-1: Ball 1-1: Ball 2-1: Foul Ball, location: 2F 2-2: Ball 3-2: Base on Balls
|
Batting: LHB Angel Oropeza
|
0-0: Foul Ball, location: 2F 0-1: Foul Ball, location: 2F 0-2: Ball 1-2: Ball 2-2: Fly out, F5 (Line Drive, 6, EV 63.8 MPH)
|
Batting: RHB Sam Sours
|
0-0: Called Strike 0-1: Fly out, F7 (Flyball, 7LM, EV 84.4 MPH)
|
Batting: RHB Rich Thurman
|
0-0: Ball 1-0: Ball 2-0: Ball Wild Pitch! Mark Ingram to second 3-0: Called Strike 3-1: Ground out 6-3 (Groundball, 6MS, EV 80.6 MPH)
|
Bottom of the 4th over - 0 runs, 0 hits, 0 errors, 1 left on base; Albuquerque 3 - Iowa 2 |
TOP OF THE 5TH |
Albuquerque Isotopes batting - Pitching for Iowa Cubs : LHP Neal Brody
|
Batting: LHB Gabe Harvey
|
0-0: Called Strike 0-1: Foul Ball, location: 2F 0-2: Ball 1-2: SINGLE (Line Drive, 8LS, EV 88.1 MPH)
|
Batting: RHB Joe LaDue
|
0-0: Ball 1-0: Ball 2-0: Ball 3-0: Base on Balls Gabe Harvey to second
|
Pitching: RHP Julio Arteaga
|
|
Batting: RHB Mike Ball
|
0-0: Ball 1-0: Called Strike 1-1: Swinging Strike 1-2: Ground out 5-3 (Groundball, 56S, EV 67.5 MPH) Gabe Harvey to third Joe LaDue to second
|
Batting: RHB Bobby Heagle
|
0-0: Called Strike 0-1: Ball 1-1: Fly out, F9 (Line Drive, 4D, EV 66.2 MPH)
|
Batting: LHB Pablo Cardona
|
0-0: Ball 1-0: Swinging Strike 1-1: Ground out 4-3 (Groundball, 4, EV 102.5 MPH)
|
Top of the 5th over - 0 runs, 1 hit, 0 errors, 2 left on base; Albuquerque 3 - Iowa 2 |
BOTTOM OF THE 5TH |
Iowa Cubs batting - Pitching for Albuquerque Isotopes : RHP Rafael Gonzales
|
Batting: RHB Adam Kelliher
|
0-0: Ball 1-0: Foul Ball, location: 2F 1-1: Ball 2-1: Ground out 5-3 (Groundball, 56, EV 103.1 MPH)
|
Batting: SHB Seung-ho Zhang
|
0-0: Called Strike 0-1: Foul Ball, location: 2F 0-2: Strikes out swinging
|
Batting: RHB Jose Balderrama
|
0-0: Ball 1-0: Swinging Strike 1-1: Ground out 1-3 (Groundball, 13, EV 68.1 MPH)
|
Bottom of the 5th over - 0 runs, 0 hits, 0 errors, 0 left on base; Albuquerque 3 - Iowa 2 |
TOP OF THE 6TH |
Albuquerque Isotopes batting - Pitching for Iowa Cubs : RHP Julio Arteaga
|
Batting: SHB Josh Schultze
|
0-0: Called Strike 0-1: Foul Ball, location: 2F 0-2: Foul Ball, location: 2F 0-2: Ball 1-2: Foul Ball, location: 2F 1-2: Foul Ball, location: 2F 1-2: DOUBLE (Flyball, 8LXD, EV 115.0 MPH)
|
Batting: RHB Nick Cummings
|
0-0: Ball 1-0: Ball 2-0: Swinging Strike 2-1: Fly out, F7 (Line Drive, 78M, EV 98.1 MPH)
|
Batting: RHB Logan Morgan
|
0-0: Ball 1-0: DOUBLE (Line Drive, 78XD, EV 100.0 MPH) Josh Schultze scores
|
Batting: LHB Alfredo de la Cruz
|
0-0: Ball 1-0: Swinging Strike 1-1: Ball 2-1: DOUBLE (Flyball, 8LXD, EV 103.8 MPH) Logan Morgan scores
|
Batting: LHB Gabe Harvey
|
0-0: Called Strike 0-1: Foul Ball, location: 2F 0-2: SINGLE (Groundball, 4MD, EV 105.0 MPH) Alfredo de la Cruz to third Runner from 3rd tries for Home, throw by CF and OUT! 8-2
|
Batting: RHB Joe LaDue
|
0-0: Called Strike 0-1: Called Strike 0-2: Ball 1-2: Ball 2-2: Ball 3-2: Base on Balls Gabe Harvey to second
|
Batting: RHB Mike Ball
|
0-0: Called Strike 0-1: Ground out 5-3 (Groundball, 56S, EV 85.0 MPH)
|
Top of the 6th over - 2 runs, 4 hits, 0 errors, 2 left on base; Albuquerque 5 - Iowa 2 |
BOTTOM OF THE 6TH |
Iowa Cubs batting - Pitching for Albuquerque Isotopes : RHP Rafael Gonzales
|
Batting: RHB Francisco Ramirez
|
0-0: Foul Ball, location: 2F 0-1: Swinging Strike 0-2: Hit by Pitch
|
Batting: RHB Lupe Covarrubias
|
0-0: Ball 1-0: Ball 2-0: Ball 3-0: 2-RUN HOME RUN (Flyball, 7D, EV 98.1 MPH), Distance : 369 ft
|
Batting: LHB Mark Ingram
|
0-0: Ball 1-0: Called Strike 1-1: Foul Ball, location: 2F 1-2: Ball 2-2: Strikes out swinging
|
Batting: LHB Angel Oropeza
|
0-0: Foul Ball, location: 2F 0-1: Ball 1-1: Foul Ball, location: 2F 1-2: Foul Ball, location: 2F 1-2: Ball 2-2: Strikes out looking
|
Batting: RHB Sam Sours
|
0-0: Ball 1-0: Called Strike 1-1: Swinging Strike 1-2: Foul Ball, location: 2F 1-2: Ball 2-2: Ball 3-2: Strikes out looking
|
Bottom of the 6th over - 2 runs, 1 hit, 0 errors, 0 left on base; Albuquerque 5 - Iowa 4 |
TOP OF THE 7TH |
Albuquerque Isotopes batting - Pitching for Iowa Cubs : RHP Julio Arteaga
|
Pitching: RHP Michele Montella
|
|
Batting: RHB Bobby Heagle
|
0-0: Fly out, F2 (Popup, 23F, EV 75.0 MPH)
|
Batting: LHB Pablo Cardona
|
0-0: Called Strike 0-1: SINGLE (Groundball, 34D, EV 97.5 MPH)
|
Batting: SHB Josh Schultze
|
0-0: Ball 1-0: Ball 2-0: Called Strike 2-1: Ball 3-1: Foul Ball, location: 2F 3-2: Fly out, F8 (Flyball, 8LD, EV 89.4 MPH)
|
Batting: RHB Nick Cummings
|
0-0: Ball 1-0: Called Strike Pablo Cardona is caught stealing 2nd base 2-4
|
Top of the 7th over - 0 runs, 1 hit, 0 errors, 0 left on base; Albuquerque 5 - Iowa 4 |
BOTTOM OF THE 7TH |
Iowa Cubs batting - Pitching for Albuquerque Isotopes : RHP Rafael Gonzales
|
Pitching: RHP Tyler Smith
|
|
Batting: RHB Rich Thurman
|
0-0: Ball 1-0: Ball 2-0: Ball 3-0: Base on Balls
|
Batting: RHB Adam Kelliher
|
0-0: Called Strike Rich Thurman steals 2nd base 0-1: Ball 1-1: Called Strike 1-2: Ball 2-2: Foul Ball, location: 2F 2-2: Ground out 5-3 (Groundball, 56, EV 86.9 MPH)
|
Batting: SHB Seung-ho Zhang
|
0-0: Ball Passed Ball! Rich Thurman to third 1-0: Swinging Strike 1-1: Ball 2-1: Ground out 4-3 (Groundball, 4, EV 90.0 MPH)
|
Pinch Hitting: LHB Barend van der Kamp
|
0-0: Ball 1-0: Called Strike 1-1: Swinging Strike 1-2: Foul Ball, location: 2F 1-2: Ball 2-2: Strikes out swinging
|
Bottom of the 7th over - 0 runs, 0 hits, 0 errors, 1 left on base; Albuquerque 5 - Iowa 4 |
TOP OF THE 8TH |
Albuquerque Isotopes batting - Pitching for Iowa Cubs : RHP Michele Montella
|
Now at 2B: Pat Barton
|
|
Batting: RHB Nick Cummings
|
0-0: Called Strike 0-1: Ball 1-1: Ball 2-1: Swinging Strike 2-2: Foul Ball, location: 2F 2-2: Strikes out looking
|
Batting: RHB Logan Morgan
|
0-0: Ball 1-0: Called Strike 1-1: Foul Ball, location: 2F 1-2: Ball 2-2: Foul Ball, location: 2F 2-2: Foul Ball, location: 2F 2-2: Ball 3-2: Base on Balls
|
Batting: LHB Alfredo de la Cruz
|
0-0: Ball Logan Morgan steals 2nd base (no throw) 1-0: Called Strike 1-1: Called Strike 1-2: Ball 2-2: Ground out 4-3 (Groundball, 4, EV 80.6 MPH) Logan Morgan to third
|
Batting: LHB Gabe Harvey
|
0-0: Ball 1-0: Swinging Strike 1-1: Ball 2-1: Called Strike 2-2: Strikes out swinging
|
Top of the 8th over - 0 runs, 0 hits, 0 errors, 1 left on base; Albuquerque 5 - Iowa 4 |
BOTTOM OF THE 8TH |
Iowa Cubs batting - Pitching for Albuquerque Isotopes : RHP Tyler Smith
|
Batting: RHB Francisco Ramirez
|
0-0: SINGLE (Line Drive, 4D, EV 100.0 MPH)
|
Batting: RHB Lupe Covarrubias
|
0-0: Called Strike 0-1: Ball 1-1: Ball Wild Pitch! Francisco Ramirez to second 2-1: Called Strike 2-2: Strikes out swinging
|
Batting: LHB Mark Ingram
|
0-0: Ball 1-0: Foul Ball, location: 2F 1-1: Ball 2-1: Foul Ball, location: 2F 2-2: Foul Ball, location: 2F 2-2: Ball 3-2: Base on Balls
|
Pinch Runner at 2nd Khalil Stephens:
|
|
Batting: LHB Angel Oropeza
|
0-0: Foul Ball, location: 2F 0-1: Ball 1-1: Ball 2-1: Foul Ball, location: 2F 2-2: Foul Ball, location: 2F 2-2: Foul Ball, location: 2F 2-2: Strikes out swinging
|
Pinch Hitting: SHB Art Kent
|
0-0: Ball 1-0: Ball 2-0: Swinging Strike 2-1: Ball 3-1: Called Strike 3-2: Base on Balls Khalil Stephens to third Mark Ingram to second
|
Batting: RHB Rich Thurman
|
0-0: Ball 1-0: Foul Ball, location: 2F 1-1: Foul Ball, location: 2F 1-2: Ball 2-2: Ball 3-2: Ground out 4-3 (Groundball, 4, EV 95.0 MPH)
|
Bottom of the 8th over - 0 runs, 1 hit, 0 errors, 3 left on base; Albuquerque 5 - Iowa 4 |
TOP OF THE 9TH |
Albuquerque Isotopes batting - Pitching for Iowa Cubs : RHP Michele Montella
|
Pitching: RHP Jorge Mora
|
|
Now at 1B: Tony Mendez
|
|
Now in CF: Art Kent
|
|
Pinch Hitting: SHB Jamel Wright
|
0-0: Ball 1-0: SINGLE (Line Drive, 34D, EV 102.5 MPH)
|
Batting: RHB Mike Ball
|
0-0: Ball 1-0: Fly out, F5 (Line Drive, 5, EV 66.2 MPH)
|
Batting: RHB Bobby Heagle
|
0-0: Called Strike 0-1: Ball Jamel Wright is caught stealing 2nd base 2-4 1-1: Foul Ball, location: 2F 1-2: SINGLE (Groundball, 56D, EV 95.0 MPH)
|
Batting: LHB Pablo Cardona
|
0-0: Fielders Choice at 2nd, 6-4 (Groundball, 6, EV 88.1 MPH)
|
Top of the 9th over - 0 runs, 2 hits, 0 errors, 1 left on base; Albuquerque 5 - Iowa 4 |
BOTTOM OF THE 9TH |
Iowa Cubs batting - Pitching for Albuquerque Isotopes : RHP Tyler Smith
|
Pitching: RHP Humberto Gutierrez
|
|
Now at 1B: Eddie McCoy
|
|
Batting: RHB Adam Kelliher
|
0-0: Ball 1-0: Called Strike 1-1: Fly out, F8 (Flyball, 8RS, EV 89.4 MPH)
|
Batting: SHB Seung-ho Zhang
|
0-0: Ball 1-0: Ball 2-0: Ground out 4-3 (Groundball, 34, EV 104.4 MPH)
|
Batting: RHB Pat Barton
|
0-0: Ball 1-0: Ball 2-0: Ball 3-0: Base on Balls
|
Batting: RHB Tony Mendez
|
0-0: Fly out, F4 (Popup, 4M, EV 50.6 MPH)
|
Bottom of the 9th over - 0 runs, 0 hits, 0 errors, 1 left on base; Albuquerque 5 - Iowa 4 |
|